cohdb
Replays
Latest Replays
All Replays
Popular Replays
Top Player Replays
Match Explorer
How It Works
Community
CoH3 Stats
Reddit
Sign in to upload your games and track your stats! →
Sign in with Steam
Match 44692721
Unlisted
Match 44692721
Overview
Messages
Build Orders
End
Kettenkrad Recon Vehicle
Construct Infanterie Kompanie
Selects Italian Coastal Battlegroup
Selects Coastal Reserves
MG 42 Machine Gun Team
Coastal Reserve
GrW 34 Mortar Team
Grenadier Squad
Coastal Reserve
Medical Station
Construct Panzergrenadier Kompanie
Pak 40 Anti-tank Gun Team
Selects Artillery Officer
Support Elements
Nebelwerfer 42 Rocket Launcher Team
StuG III G Assault Gun
Panzergrenadier Squad
Pioneer Squad
Side Skirts
StuG III G Assault Gun
StuG III G Assault Gun
Selects Obice da 210/22 Artillery Emplacement
Selects Designate Defensive Line
Selects Rapid Fortifications
Selects Call the Reserves!
Rapid Fortifications
MG 42 Bunker
StuG III G Assault Gun
MG 42 Machine Gun Team
Pak 40 Anti-tank Gun Team
MG 42 Machine Gun Team
Coastal Reserve
TyrannMisu
TABOU
NervEVA
X祈蝶凤舞X
MajorVega
Clarence Claymore
Serial Chiller
먼치킨
0
0
Comments
sign in to comment!
No comments posted yet!